 Dungeon Crawl Stone Soup version 0.28.0 (webtiles) character file.

Game seed: 9963244560843075824

96 styxcanada the Stinger (level 4, -5/24 HPs)
             Began as a Deep Elf Venom Mage on Feb 6, 2022.
             Killed by nerve-wracking pain
             ... invoked by Menkaure
              (9 damage)
             ... on level 4 of the Dungeon.
             The game lasted 00:15:19 (3179 turns).

styxcanada the Stinger (Deep Elf Venom Mage)        Turns: 3179, Time: 00:15:20

Health: -5/24      AC:  7    Str:  5    XL:     4   Next: 41%
Magic:  11/12      EV: 11    Int: 22    God:
Gold:   169        SH:  0    Dex: 15    Spells: 5/11 levels left

rFire   . . .      SeeInvis .   j - +0 short sword (flame)
rCold   . . .      Faith    .   (no shield)
rNeg    . . .      Spirit   .   l - +3 leather armour {rPois}
rPois   +          Reflect  .   n - +0 helmet
rElec   .          Harm     .   (no cloak)
rCorr   .          Rampage  .   (no gloves)
Will    .....                   (no boots)
Stlth   ++........              (no amulet)
HPRegen 0.08/turn               (no ring)
MPRegen 0.13/turn               (no ring)

@: no status effects
A: no striking features
a: no special abilities


You were on level 4 of the Dungeon.
You visited 1 branch of the dungeon, and saw 4 of its levels.

You collected 169 gold pieces.

Inventory:

Hand Weapons
 c - a +0 dagger
 j - a +0 short sword of flaming (weapon)
Missiles
 b - 33 stones
 d - 11 sling bullets
 g - 2 boomerangs
 k - 5 silver boomerangs (quivered)
Armour
 a - a +0 robe
 l - a +3 leather armour of poison resistance (worn)
 n - a +0 helmet (worn)
Magical Staves
 m - a staff of conjuration
Jewellery
 e - a ring of wizardry
Potions
 h - a potion of flight
 i - a potion of mutation {unknown}
 o - 2 potions of lignification {unknown}
 p - a potion of brilliance {unknown}


   Skills:
 + Level 0.1 Short Blades
 * Level 0.3 Armour
 + Level 2.5 Dodging
 * Level 2.7 Stealth
 * Level 4.0 Spellcasting
 * Level 0.6 Conjurations
 * Level 1.9 Transmutations
 * Level 0.1 Air Magic
 * Level 4.5 Poison Magic


You had 5 spell levels left.
You knew the following spells:

 Your Spells              Type           Power      Damage    Failure   Level
a - Sting                 Tmut/Pois      72%        1d6       4%          1
b - Poisonous Vapours     Pois/Air       28%        N/A       11%         2
c - Mephitic Cloud        Conj/Pois/Air  12%        N/A       26%         3

Your spell library contained the following spells:

 Spells                   Type           Power      Damage    Failure   Level
 Shock                    Conj/Air       24%        1d4       16%         1
 Corpse Rot               Necr/Air       8%         N/A       26%         2
 Olgreb's Toxic Radiance  Pois           24%        N/A       28%         4
 Summon Lightning Spire   Summ/Air       4%         N/A       87%         4


Dungeon Overview and Level Annotations

Branches:
Dungeon (4/15)
 Temple: D:4-7

Altars:

Annotations:
D:4 Menkaure


Message History

Casting: Sting (safe; 4% risk of failure)
Confirm with . or Enter, or press ? or * to list all spells.
You can't see any susceptible monsters within range! (Use Z to cast anyway.)
Casting: Sting (safe; 4% risk of failure)
Confirm with . or Enter, or press ? or * to list all spells.
You can't see any susceptible monsters within range! (Use Z to cast anyway.)
Casting: Sting (safe; 4% risk of failure)
Confirm with . or Enter, or press ? or * to list all spells.
You can't see any susceptible monsters within range! (Use Z to cast anyway.) Unknown command.
You aren't carrying any items that you can evoke.
Throw: 5 boomerangs (silver)
Press: ? - help, Q - select action, (/) - cycle Shift-Dir - straight line, f/p - Menkaure
Aim: Menkaure (moderately damaged, fast, 73% to hit)
You throw a silver boomerang.
The silver boomerang hits Menkaure but does no damage.
Menkaure is moderately damaged.
Found 9 gold pieces.
Menkaure forgets how to speak, silenced by the ages.
Menkaure calls on the powers of darkness!
Your body is wracked with pain!
* * * LOW HITPOINT WARNING * * *
An orc comes into view. It is wielding a +0 short sword.
Menkaure calls on the powers of darkness!
Your body is wracked with pain!
* * * LOW HITPOINT WARNING * * *
Menkaure calls on the powers of darkness!
Your body is wracked with pain!
* * * LOW HITPOINT WARNING * * *
An orc comes into view. It is wielding a +0 dagger.
The orc shouts!
An orc comes into view. It is wielding a +0 club.
An orc priest comes into view.
It is wielding a +1 war axe of freezing.
The orc shouts!
You hear a shout!
Menkaure calls on the powers of darkness!
Your body is wracked with pain!
* * * LOW HITPOINT WARNING * * *
Menkaure gestures at you while chanting.
Pain shoots through your body!
You die...

.##..............# ###
...........#..#..## ###.#
.#........###.###.## ##.#.##
............M.##..# ##.....#
..................###......#
..................#....>..#
..#......................#
#.................###...#
##.$........@<....####..#
#...................).##
#...................####
..#.................#
#............#...##
#....o.......#####
..oo.o.....## ...........
.>.#.


You could see Menkaure (fast), an orc priest and 3 orcs.

Vanquished Creatures
  An orc priest (D:3)
  A gnoll (D:1)
  2 worms
  2 orcs (D:3)
  5 ball pythons
  5 bats
  5 endoplasms
  A giant cockroach (D:3)
  5 goblins
  2 hobgoblins
  3 jackals (D:2)
  2 quokkas (D:1)
  3 frilled lizards
  4 kobolds
  7 rats
48 creatures vanquished.

Notes
Turn   | Place    | Note
-------+----------+-------------------------------------------
     0 | D:1      | styxcanada the Deep Elf Venom Mage began the quest for the
                  | Orb.
     0 | D:1      | Reached XP level 1. HP: 10/10 MP: 6/6
    19 | D:1      | Reached XP level 2. HP: 15/15 MP: 4/8
   264 | D:1      | Found a faded altar of an unknown god.
   777 | D:2      | Got the Collected Works on Lightness
   978 | D:2      | Reached XP level 3. HP: 19/19 MP: 4/9
  1328 | D:2      | Learned a level 2 spell: Poisonous Vapours
  1390 | D:2      | Learned a level 3 spell: Mephitic Cloud
  2648 | D:3      | Reached XP level 4. HP: 6/24 MP: 2/12
  3144 | D:4      | Noticed Menkaure
  3179 | D:4      | Killed from afar by Menkaure

Illustrated notes

Levels and vault maps discovered:
D:1:      wander_arrival_desolate, layout_rooms,
          hellmonk_ecumenical_altar_inner_sanctum
D:2:      layout_loops_corners, chequers_hall_statues_y, minmay_door_square
D:3:      layout_rooms, nrook_uturn
D:4:      layout_cave_pools, dk_rats_in_the_wall, uniq_menkaure

Skill      XL: |  1  2  3 |
---------------+----------+-----
Poison Magic   | 4 |  4.5
Spellcasting   | 4 |  4.0
Short Blades   | |  0.1
Armour         | |  0.3
Dodging        | |  2.5
Stealth        | |  2.7
Conjurations   | |  0.6
Transmutations | |  1.9
Air Magic      | |  0.1

Action                   |  1- 3 |  4- 6 || total
-------------------------+-------+-------++-------
Melee: Unarmed           |    11 |       ||    11
       Short sword       |     9 |     2 ||    11
       Dagger            |     4 |       ||     4
Throw: Boomerang         |       |     1 ||     1
 Cast: Sting             |    64 |     6 ||    70
       Poisonous Vapours |     8 |       ||     8
  Use: Scroll            |     5 |       ||     5
       Potion            |       |     1 ||     1
 Stab: Sleeping          |     6 |     1 ||     7
Armor: Robe              |     3 |       ||     3
       Leather armour    |     7 |       ||     7
Dodge: Dodged            |    20 |     3 ||    23
